AoeStats
← 啊超

Oasis

507294788Analyzed
4v4 RM · 14d ago on Sep 17, 2026· 39m 13s· 8 players
Game mode
Random Map
Map size
Large (8 player)
Population
200
Speed
Normal
Resources
Standard
Victory
Conquest
Starting age
Dark Age
Ending age
Imperial Age
RankedLock teamsTeams togetherTeam positionsShared explorationLock speedFull tech treeHidden civsTurbo modeCheats
Victory
Defeat
🇨🇳 Slavs · China
1277
+10
🇪🇸 Maya · Spain
1218
+12
🇨🇳 Celts · China
1182
+14
🇨🇳 Khmer · China
1151
+14
🇺🇸 Malians · United States
1148
-13
🇩🇪 Khmer · Germany
1148
-13
🇷🇺 Cumans · Russia
1141
-13
🇫🇷 Georgians · France
1103
-11
NilRam
12:02 Feudal Age
15:53 Castle Age
15:51 Double-Bit Axe
15:48 Horse Collar
25:30 Wheelbarrow
25:46 Bow Saw
25:48 Heavy Plow
31:35 Imperial Age
29:44 Hand Cart
30:45 Scale Barding Armor
30:51 Forging
31:24 Bloodlines
31:14 Husbandry
33:07 Iron Casting
32:52 Chain Barding Armor
32:58 Chain Barding Armor
33:54 Crop Rotation
37:25 Plate Barding Armor
37:50 Blast Furnace
36:50 Elite Battle Elephant
kingike14
11:38 Feudal Age
9:55 Loom
13:21 Padded Archer Armor
13:18 Horse Collar
13:27 Double-Bit Axe
22:38 Castle Age
23:44 Scale Mail Armor
25:09 Forging
26:15 Wheelbarrow
26:31 Iron Casting
32:40 Fletching
37:40 Squires
Digit
11:07 Feudal Age
15:52 Castle Age
15:08 Scale Barding Armor
18:36 Husbandry
20:29 Bloodlines
20:32 Forging
26:17 Wheelbarrow
27:08 Chain Barding Armor
27:14 Horse Collar
27:37 Double-Bit Axe
31:00 Iron Casting
30:47 Heavy Plow
32:29 Gold Mining
32:50 Bow Saw
NOHCHO
10:50 Feudal Age
9:07 Loom
14:40 Double-Bit Axe
16:05 Horse Collar
23:24 Castle Age
21:28 Gold Mining
21:33 Fletching
24:19 Bow Saw
24:16 Bodkin Arrow
24:34 Bloodlines
25:07 Heavy Plow
25:19 Padded Archer Armor
26:57 Leather Archer Armor
27:21 Gold Shaft Mining
28:05 Wheelbarrow
27:42 Stone Mining
28:31 Thumb Ring
33:42 Imperial Age
34:36 Hand Cart
34:08 Town Watch
34:11 Heavy Cavalry Archer
35:34 Ring Archer Armor
Jota
0:28 Loom
12:32 Feudal Age
16:50 Castle Age
19:28 Double-Bit Axe
21:03 Bow Saw
22:02 Horse Collar
23:29 Wheelbarrow
24:56 Heavy Plow
26:51 Hand Cart
27:43 Gold Mining
29:29 Stone Mining
32:54 Imperial Age
31:17 Stone Shaft Mining
31:02 Hul'che Javelineers
31:51 Scale Mail Armor
31:23 Eagle Warrior
32:12 Arson
32:41 Squires
32:58 Chain Mail Armor
32:54 Forging
32:30 Pikeman
34:05 Holcans
33:56 Conscription
34:15 Iron Casting
34:11 Plate Mail Armor
33:21 Elite Eagle Warrior
35:23 Two-Man Saw
35:01 Crop Rotation
33:55 Halberdier
36:00 Blast Furnace
35:03 Town Watch
35:34 Caravan
36:34 Town Patrol
啊超
11:15 Feudal Age
9:32 Loom
16:05 Castle Age
15:28 Double-Bit Axe
21:37 Horse Collar
26:31 Bow Saw
31:21 Imperial Age
28:55 Gold Mining
29:04 Pikeman
29:29 Arson
29:30 Gambesons
29:56 Forging
29:47 Scale Mail Armor
30:27 Stone Mining
32:04 Iron Casting
32:01 Capped Ram
33:18 Chain Mail Armor
35:09 Wheelbarrow
34:02 Halberdier
35:03 Heavy Scorpion
36:48 Elite Woad Raider
38:53 Chemistry
38:31 Gold Shaft Mining
39:23 Blast Furnace
sabar
7:16 Loom
9:43 Feudal Age
10:27 Double-Bit Axe
14:54 Fletching
18:18 Padded Archer Armor
19:01 Gold Mining
21:40 Wheelbarrow
20:54 Horse Collar
24:29 Castle Age
24:11 Stone Mining
24:43 Crossbowman
25:58 Bodkin Arrow
26:45 Leather Archer Armor
32:51 Ballistics
32:39 Heavy Plow
32:51 Bow Saw
33:19 Gold Shaft Mining
36:52 Imperial Age
39:11 Hand Cart
38:31 Arbalester
39:12 Bracer
39:43 Ring Archer Armor
40:20 Chemistry
LY
1:56 Loom
11:40 Feudal Age
15:53 Castle Age
14:03 Double-Bit Axe
15:11 Gold Mining
17:04 Bow Saw
22:09 Bloodlines
23:40 Horse Collar
25:46 Scale Barding Armor
26:04 Stone Mining
27:29 Forging
27:11 Town Watch
29:48 Chain Barding Armor
29:31 Heavy Plow
30:09 Wheelbarrow
30:01 Husbandry
31:03 Iron Casting
31:54 Fletching
41:38 Imperial Age
Connection lost

Rejoining the realm…

Still unreachable

The connection could not be restored.

Session expired

The server has moved on; the page needs a fresh start.